 Seeded DCSS version 0.26.1-11-gd32895ea62 (webtiles) character file.

Game seed: 6489288863823746731 (custom seed)

18396 Zeld the Geomancer (level 12, -4/75 HPs)
             Began as a Gargoyle Earth Elementalist on June 11, 2021.
             Was an Elder of Sif Muna.
             Slain by a five-headed hydra (6 damage)
             ... on level 13 of the Dungeon.
             The game lasted 00:27:31 (29946 turns).

Zeld the Geomancer (Gargoyle Earth Elementalist)   Turns: 29946, Time: 00:27:33

Health: -4/75      AC: 17    Str: 13    XL:     12   Next: 58%
Magic:  5/23       EV: 14    Int: 20    God:    Sif Muna [****..]
Gold:   717        SH:  0    Dex: 10    Spells: 11/26 levels left

rFire    + . .     SeeInvis .   (no weapon)
rCold    + . .     Faith    .   (no shield)
rNeg     + . .     Spirit   .   c - +2 troll leather armour
rPois    ∞         Reflect  .   s - +2 helmet
rElec    +         Harm     .   e - scarf {rC+ rF+}
rCorr    .         Rampage  .   (no gloves)
Will     +....                  (no boots)
Stlth    ++........             (no amulet)
HPRegen  0.62/turn              o - ring of willpower
MPRegen  0.18/turn              (no ring)

@: no status effects
A: negative energy resistance 1, electricity resistance, unbreathing,
petrification resistance, miasma immunity, AC +8
a: Renounce Religion, Channel Magic, Forget Spell, Divine Exegesis


You were on level 13 of the Dungeon.
You worshipped Sif Muna.
Sif Muna was greatly pleased with you.
You visited 2 branches of the dungeon, and saw 14 of its levels.

You collected 717 gold pieces.

Inventory:

Missiles
 r - 329 stones (quivered)
 y - 7 arrows
Armour
 c - a +2 troll leather armour (worn)
 e - a scarf of resistance (worn)
 s - a +2 helmet (worn)
Jewellery
 n - an uncursed amulet of the acrobat {unknown}
 o - a ring of willpower (left hand)
 w - a cursed -4 ring of protection {unknown}
Wands
 l - a wand of polymorph (3)
 D - a wand of paralysis (6)
 E - a wand of flame (46)
Scrolls
 b - 6 scrolls of remove curse
 d - 4 scrolls of magic mapping
 g - 8 scrolls of teleportation
 h - a scroll of acquirement {unknown}
 i - 4 scrolls of enchant weapon
 m - a scroll of vulnerability {unknown}
 p - a scroll of fear
Potions
 a - 4 potions of curing
 f - a potion of cancellation
 j - 3 potions of invisibility
 k - a potion of haste {unknown}
 q - a potion of ambrosia {unknown}
 u - 2 potions of mutation {unknown}
 v - a potion of resistance
 x - 2 potions of might {unknown}
 z - a potion of magic {unknown}
 A - a potion of attraction {unknown}
 B - 3 potions of degeneration {unknown}
 C - a potion of flight {unknown}


   Skills:
 + Level 8.9 Fighting
 + Level 7.1 Dodging
 - Level 3.0 Stealth
 + Level 7.7 Spellcasting
 + Level 8.7 Conjurations
 - Level 1.0 Transmutations
 * Level 13.7 Earth Magic
 + Level 4.4 Invocations


You had 11 spell levels left.
You knew the following spells:

 Your Spells              Type           Power        Failure   Level
a - Sandblast             Erth           100%         1%          1
b - Passwall              Tmut/Erth      30%          1%          2
c - Stone Arrow           Conj/Erth      100%         1%          3
d - Petrify               Tmut/Erth      37%          5%          4
e - Lee's Rapid Deconstr  Erth           29%          1%          5

Your spell library contained the following spells:

 Spells                   Type           Power        Failure   Level
 Magic Dart               Conj           100%         1%          1
 Searing Ray              Conj           84%          1%          2
 Dazzling Flash           Conj/Hex       50%          5%          3
 Freeze                   Ice            28%          11%         1
 Fulminant Prism          Conj/Hex       12%          19%         4
 Hailstorm                Conj/Ice       25%          19%         4
 Iskenderun's Mystic Bla  Conj/Tloc      25%          19%         4
 Frozen Ramparts          Ice            14%          32%         3
 Ozocubu's Armour         Ice            7%           32%         3
 Summon Ice Beast         Ice/Summ       7%           73%         4


Dungeon Overview and Level Annotations

Branches:
Dungeon (13/15)            Temple (1/1) D:7            Lair (0/6) D:10
    Orc (0/2) D:10
 Vaults: D:13-14

Altars:
Ashenzari
Cheibriados
Dithmenos
Elyvilon
Fedhas
Hepliaklqana
Kikubaaqudgha
Makhleb
Okawaru
Qazlal
Ru
Sif Muna
Trog
Vehumet
Wu Jian
Xom
Yredelemnul
Zin
The Shining One
Beogh

Shops:
D:6 (

Annotations:
D:7 2 transporters
D:11 3 runed translucent doors, Pepete's ghost, journeyman TrMo
D:13 3 runed translucent doors, Leinaam's ghost, journeyman MiBe


Innate Abilities, Weirdness & Mutations

You are resistant to torment.
Your stone body is resilient. (AC +8)
You are immune to poison.
You resist negative energy. (rN+)
You are resistant to electric shocks. (rElec)
You can survive without breathing.
You are immune to petrification.
You are immune to miasma.


Message History

The meliai zombie closely misses you.
The meliai zombie hits you but does no damage. x2
The meliai zombie misses you.
Casting: Stone Arrow (safe; 1% risk of failure)
Confirm with . or Enter, or press ? or * to list all spells.
Aiming: Stone Arrow (safe; 1% risk of failure)
Press: ? - help, Shift-Dir - straight line, f/p - meliai zombie
Aim: a meliai zombie (almost destroyed, 19% to evade)
The stone arrow hits the meliai zombie!
You destroy the meliai zombie!
Sif Muna accepts your kill.
Unknown command.
A five-headed hydra comes into view.
As you read the scroll of fear, it crumbles to dust.
You assume a fearsome visage.
The centaur warrior looks frightened!
The five-headed hydra resists with almost no effort.
The five-headed hydra misses you. The five-headed hydra bites you!
* * * LOW HITPOINT WARNING * * *
The five-headed hydra bites you.
You die...

.........#...#.
....................
......................
......................
......................
......................
.......<..............
.........D............
..........@...........
...#########..........
#..#. #..☼#..##......
...# ###R#.... .....
... #W+..... .... ..
.og+..........
#..H+...#... ..
#.##.#...#... . ..
..#...# ...


You could see a five-headed hydra.

Vanquished Creatures
  Josephine (D:12)
  2 two-headed ogres
  Sonja (D:12)
  Pikel (D:3)
  2 cyclopes
  An ugly thing (D:11)
  A gargoyle (D:11)
  Maggie (D:8)
  3 komodo dragons
  3 trolls
  6 slime creatures (D:12)
  A meliai zombie (D:13)
  4 wraiths (D:12)
  A shadow (D:12)
  2 vampires
  14 yaks
  2 wyverns
  A basilisk (D:12)
  A water moccasin (D:9)
  Duvessa (D:4)
  3 ice beasts
  3 sky beasts
  2 black bears
  4 orc warriors
  2 phantoms
  An eye of draining (D:8)
  7 ogres
  18 centaurs
  A big kobold (D:7)
  2 lemures
  4 bullfrogs
  Dowan (D:4)
  A water moccasin zombie (D:6)
  3 scorpions
  10 killer bees
  18 wights
  4 howler monkeys
  A centaur zombie (D:5)
  2 bullfrog zombies
  2 quasits
  6 jellies
  Crazy Yiuf (D:2)
  7 orc priests
  3 bullfrog skeletons
  5 hounds
  15 orc wizards
  2 iguanas
  10 worker ants
  A hound skeleton (D:11)
  A hound zombie (D:9)
  2 worker ant zombies
  5 gnolls
  10 river rats (D:5)
  11 adders
  5 white imps
  2 oozes (D:2)
  An adder zombie (D:9)
  5 worms
  2 dart slugs (D:1)
  10 leopard geckos
  60 orcs
  8 bats
  5 giant cockroaches
  3 goblins
  14 hobgoblins
  11 jackals
  9 kobolds
  9 quokkas
  7 frilled lizards
  A leopard gecko skeleton (D:2)
  A leopard gecko zombie (D:5)
  20 rats
390 creatures vanquished.

Vanquished Creatures (others)
  A bush (D:6)
  8 plants
9 creatures vanquished.

Grand Total: 399 creatures vanquished

Notes
Turn   | Place    | Note
-------+----------+-------------------------------------------
     0 | D:1      | Zeld the Gargoyle Earth Elementalist began the quest for
                  | the Orb.
     0 | D:1      | Reached XP level 1. HP: 10/10 MP: 3/3
   207 | D:1      | Reached XP level 2. HP: 16/16 MP: 1/5
   210 | D:1      | Learned a level 2 spell: Passwall
   259 | D:1      | Reached skill level 1 in Transmutations
   409 | D:1      | Reached skill level 4 in Earth Magic
   583 | D:1      | Reached XP level 3. HP: 20/20 MP: 4/6
   587 | D:1      | Learned a level 3 spell: Stone Arrow
   795 | D:1      | Reached skill level 1 in Fighting
  1645 | D:4      | Reached XP level 4. HP: 25/25 MP: 4/7
  1730 | D:4      | Noticed Dowan
  1734 | D:4      | Noticed Duvessa
  1754 | D:4      | Killed Duvessa
  1755 | D:4      | Reached skill level 1 in Conjurations
  1755 | D:4      | Reached skill level 5 in Earth Magic
  1755 | D:4      | Reached XP level 5. HP: 27/30 MP: 8/8
  1765 | D:4      | Killed Dowan
  1766 | D:4      | Reached XP level 6. HP: 27/35 MP: 6/10
  1903 | D:4      | Learned a level 4 spell: Petrify
  2159 | D:5      | Entered Level 5 of the Dungeon
  2945 | D:5      | Noticed a phantom
  3463 | D:7      | Noticed a phantom
  3510 | D:7      | Killed a phantom
  3511 | D:7      | Reached skill level 6 in Earth Magic
  3511 | D:7      | Reached XP level 7. HP: 34/40 MP: 1/11
  4886 | D:7      | Reached skill level 7 in Earth Magic
  4886 | D:7      | Reached XP level 8. HP: 46/46 MP: 6/13
  6890 | D:6      | Reached skill level 8 in Earth Magic
  7696 | D:7      | Found a transporter.
  7816 | D:7      | Found a transporter.
  7827 | D:7      | Reached XP level 9. HP: 52/52 MP: 1/15
  7879 | D:7      | Learned a level 5 spell: Lee's Rapid Deconstruction
  7951 | D:7      | Found a staircase to the Ecumenical Temple.
  8103 | Temple   | Entered the Ecumenical Temple
  8209 | Temple   | Became a worshipper of Sif Muna the Loreminder
  9152 | D:2      | Found a runed translucent door.
  9153 | D:2      | Noticed Crazy Yiuf
  9345 | D:2      | Found a faded altar of an unknown god.
  9557 | D:2      | Killed Crazy Yiuf
  9881 | D:3      | Reached * piety under Sif Muna
  9885 | D:3      | Reached skill level 9 in Earth Magic
 10371 | D:3      | Reached skill level 5 in Fighting
 11197 | D:4      | Found a hazy altar of Hepliaklqana.
 11198 | D:4      | Found a blossoming altar of Fedhas.
 11200 | D:4      | Found a glowing golden altar of the Shining One.
 11202 | D:4      | Noticed Pikel
 11694 | D:3      | Killed Pikel
 11695 | D:3      | Reached skill level 5 in Conjurations
 11867 | D:4      | Found a broken altar of Ashenzari.
 11868 | D:4      | Found an ancient bone altar of Kikubaaqudgha.
 13014 | D:5      | Reached skill level 5 in Spellcasting
 14187 | D:6      | Reached skill level 10 in Earth Magic
 14317 | D:6      | Found a blossoming altar of Fedhas.
 14323 | D:6      | Reached ** piety under Sif Muna
 14410 | D:6      | Found Jobboikk's Weapon Shop.
 14980 | D:7      | Noticed a moth of wrath
 15133 | D:7      | Found a bloodstained altar of Trog.
 15728 | D:8      | Reached XP level 10. HP: 39/60 MP: 0/17
 15937 | D:8      | Reached skill level 5 in Dodging
 16445 | D:8      | Noticed Maggie
 16458 | D:8      | Killed Maggie
 17394 | D:9      | Noticed a two-headed ogre
 17469 | D:8      | Killed a two-headed ogre
 17470 | D:8      | Reached skill level 11 in Earth Magic
 17751 | D:9      | Reached *** piety under Sif Muna
 18920 | D:9      | Reached XP level 11. HP: 67/67 MP: 10/20
 19299 | D:10     | Entered Level 10 of the Dungeon
 19946 | D:10     | Reached skill level 12 in Earth Magic
 20240 | D:10     | Reached **** piety under Sif Muna
 20532 | D:10     | Found a staircase to the Orcish Mines.
 20862 | D:10     | Found a staircase to the Lair.
 22024 | D:10     | Reached skill level 1 in Invocations
 23143 | D:11     | Noticed a white ugly thing
 24230 | D:11     | Noticed a cyclops
 24405 | D:11     | Killed a cyclops
 24478 | D:11     | Found a runed translucent gate.
 24479 | D:11     | Found a runed translucent gate.
 24480 | D:11     | Found a runed translucent gate.
 24482 | D:11     | Noticed Pepete's ghost (journeyman TrMo)
 24486 | D:11     | Found a roughly hewn altar of Beogh.
 24545 | D:11     | Killed a white ugly thing
 25378 | D:12     | Reached skill level 13 in Earth Magic
 25737 | D:12     | Reached XP level 12. HP: 74/74 MP: 15/22
 25936 | D:12     | Found an ancient bone altar of Kikubaaqudgha.
 26141 | D:12     | Noticed a two-headed ogre
 26146 | D:12     | Killed a two-headed ogre
 27082 | D:12     | Found a white marble altar of Elyvilon.
 27705 | D:12     | Noticed Sonja
 27741 | D:12     | Killed Sonja
 27871 | D:12     | Noticed Josephine
 28000 | D:12     | Killed Josephine
 28568 | D:13     | Noticed a boulder beetle
 28571 | D:13     | Noticed a centaur warrior
 29934 | D:13     | HP: 3/75 [boulder beetle (13)]
 29935 | D:13     | Found a runed translucent gate.
 29935 | D:13     | Found a runed translucent gate.
 29935 | D:13     | Found a runed translucent gate.
 29936 | D:13     | Noticed a minotaur
 29937 | D:13     | Noticed Leinaam's ghost (journeyman MiBe)
 29942 | D:13     | Noticed a five-headed hydra
 29946 | D:13     | HP: 2/75 [five-headed hydra (7)]
 29946 | D:13     | Slain by a five-headed hydra

Illustrated notes

Levels and vault maps discovered:
D:1:      lightli_iron_boxes, layout_loops_corners, minmay_tromino_v4_a
D:2:      minmay_wonky_spiral, layout_rooms,
          chequers_ecumenical_altar_simple_redux, uniq_crazy_yiuf_cottage
D:3:      kennysheep_big_flooded_room, layout_basic
D:4:      layout_basic, grunt_temple_overflow_open, uniq_duvessa, uniq_pikel
D:5:      lemuel_ratsnest, layout_basic
D:6:      layout_loops_corners, serial_shops, nicolae_shop_statue_plus,
          fedhas_ov_isle_minmay
D:7:      gammafunk_the_bubble [the_bubble_gammafunk_crates], layout_layer_cave,
          minmay_temple_entry_ruins, tgw_trog
D:8:      layout_loops_ring, uniq_maggie
D:9:      layout_long_grid
D:10:     layout_roguey, david_lair_shrubbed, orc_0_dummy
D:11:     layout_rooms, biasface_ghost_orc_armoury
D:12:     layout_rooms, basic_altar, elyvilon_altar_3, uniq_sonja,
          uniq_josephine
D:13:     layout_cross, maelrawn_ghost_gauntlet_escape, uniq_kirke
Temple:   minmay_crystal_spiral_temple

Skill      XL: |  1  2  3  4  5  6  7  8  9 10 11 12 |
---------------+-------------------------------------+-----
Transmutations | 1 |  1.0
Earth Magic    | 4 5 6 7 8 10 11 13 | 13.7
Fighting       | 1 2 3 4 5 7 8 |  8.9
Dodging        | 2 3 4 5 6 7 |  7.1
Stealth        | 3 |  3.0
Conjurations   | 1 2 3 4 5 6 8 |  8.7
Spellcasting   | 3 4 5 6 7 |  7.7
Invocations    | 3 4 |  4.4

Action                   |  1- 3 |  4- 6 |  7- 9 | 10-12 || total
-------------------------+-------+-------+-------+-------++-------
Melee: Unarmed           |     8 |   189 |   373 |   151 ||   721
 Cast: Sandblast         |    46 |    69 |    24 |    35 ||   174
       Stone Arrow       |       |     6 |   224 |   361 ||   591
       Passwall          |       |     1 |     3 |     1 ||     5
       Lee's Rapid Decon |       |       |       |    15 ||    15
  Use: Scroll            |       |       |    15 |     9 ||    24
       Potion            |       |       |       |     3 ||     3
 Stab: Sleeping          |     2 |     3 |     1 |       ||     6
       Confused          |       |     1 |       |       ||     1
Armor: Robe              |    15 |       |       |       ||    15
       Skin              |       |     1 |       |       ||     1
       Troll leather arm |       |    87 |   223 |   237 ||   547
Dodge: Dodged            |    29 |   130 |   339 |   352 ||   850
